 Dungeon Crawl Stone Soup version 0.30-b1-2-g02819fbbbe (webtiles) character file.

Game seed: 713141480927052817

43724 metricduck the Basher (level 13, -7/118 HPs)
             Began as a Minotaur Berserker on July 12, 2023.
             Was a High Priest of Trog.
             Mangled by a blink frog (10 damage)
             ... on level 5 of the Lair of Beasts.
             The game lasted 00:35:56 (17799 turns).

metricduck the Basher (Minotaur Berserker)         Turns: 17799, Time: 00:35:56

Health: -7/118     AC: 29    Str: 26    XL:     13   Next: 92%
Magic:  12/12      EV: 12    Int:  7    God:    Trog [*****.]
Gold:   1527       SH:  6    Dex: 14    Spells: 12/12 levels left

rFire   . . .        V - +4 demon whip (venom)
rCold   + . .        j - +0 buckler of Zin's Righteous Fury {Dex+3}
rNeg    . . .        M - +1 plate armour
rPois   .            r - +2 hat {Int+3}
rElec   .            c - +0 cloak
rCorr   .            i - +0 pair of gloves
SInv    +            q - +2 pair of boots {rampage}
Will    .....        a - amulet of regeneration Stlth
                     g - +4 ring of protection
HPRegen 1.19/turn    W - ring of the Vendetta {rC+ SInv Stlth+}
MPRegen 0.13/turn

%: rampage
@: lethally poisoned (-7 -> -8), marked, on berserk cooldown, slowed, very slow
A: horns 2, retaliatory headbutt
a: Renounce Religion, Berserk, Trog's Hand, Brothers in Arms


You were on level 5 of the Lair of Beasts.
You worshipped Trog.
Trog was extremely pleased with you.
You visited 2 branches of the dungeon, and saw 16 of its levels.
You also visited: Sewer, Ossuary, Gauntlet and Ice Cave.

You collected 1527 gold pieces.

Inventory:

Hand Weapons
 J - a +0 whip of electrocution
 V - a +4 demon whip of venom (weapon)
Missiles
 y - 8 silver javelins (quivered)
 I - 2 throwing nets
Armour
 c - a +0 cloak (worn)
 i - a +0 pair of gloves (worn)
 j - the +0 buckler of Zin's Righteous Fury (worn) {Dex+3}
   (You acquired it on level 5 of the Dungeon)

   Dex:       It affects your dexterity (+3).
 p - the +4 plate armour "Foste Ped" {Harm rC- rCorr Str+6}
   (You took it off a minotaur in a Gauntlet)

   Str:       It affects your strength (+6).
   rC:        It makes you vulnerable to cold.
   rCorr:     It protects you from acid and corrosion.
   Harm:      It increases damage dealt and taken.
 q - a +2 pair of boots of rampaging (worn)
 r - a +2 hat of intelligence (worn)
 M - a +1 plate armour (worn)
Jewellery
 a - an amulet of regeneration (around neck)
 g - a +4 ring of protection (left hand)
 h - a +6 ring of intelligence
 n - an amulet of guardian spirit
 z - a ring of magical power
 D - a ring of protection from fire
 E - a +5 ring of evasion
 W - the ring of the Vendetta (right hand) {rC+ SInv Stlth+}
   (You found it in an ice cave)

   [ring of protection from cold]

   rC:        It protects you from cold.
   SInv:      It lets you see invisible.
   Stlth:     It makes you more stealthy.
 Z - a ring of willpower
Wands
 s - a wand of light (7)
 x - a wand of roots (37)
 C - a wand of digging (4)
 N - a wand of paralysis (13)
 T - a wand of flame (12)
Scrolls
 b - 2 scrolls of magic mapping
 e - a scroll of brand weapon
 m - 5 scrolls of fear
 t - a scroll of summoning
 v - 7 scrolls of teleportation
 A - 5 scrolls of blinking
Potions
 k - 4 potions of curing
 l - 3 potions of cancellation
 o - 3 potions of resistance
 u - 2 potions of invisibility
 w - 2 potions of haste
 B - 4 potions of heal wounds
 F - a potion of might
 P - a potion of berserk rage
 Q - 2 potions of flight {unknown}
 R - a potion of experience {unknown}
 Y - a potion of magic {unknown}
Miscellaneous
 d - a condenser vane
 f - a piece from Xom's chessboard (15/15)


   Skills:
 - Level 12.0 Fighting
 - Level 12.0 Maces & Flails
 - Level 12.0 Armour
 - Level 12.0 Dodging
 - Level 1.4 Stealth
 + Level 10.1 Shields
 + Level 11.0 Evocations


You had 12 spell levels left.
You didn't know any spells.
Your spell library was empty.

Dungeon Overview and Level Annotations

Branches:
Dungeon (11/15)            Temple (0/1) D:4            Lair (5/5) D:9
 Shoals (0/4) Lair:2        Snake (0/4) Lair:3        Slime (0/5) Lair:4
    Orc (0/2) D:11          Sewer (visited)         Ossuary (visited)
  IceCv (visited)         Gauntlet (visited)

Altars:
Ashenzari
Elyvilon
Gozag
Kikubaaqudgha
Makhleb
Nemelex Xobeh
Qazlal
Sif Muna
Xom
Jiyva

Shops:
D:6 [(*(::   D:7 :   D:8 :   D:9 ?

Portals:
Abyss: D:8
Trove: D:10 (lose all piety)

Annotations:
Lair:5 1 runed translucent door, Nessos


Innate Abilities, Weirdness & Mutations

You have a pair of horns on your head.
You reflexively headbutt those who attack you in melee.


Message History

The water moccasin is moderately wounded.
You feel sick.
The water moccasin bites you but does no damage.
You block the water moccasin's attack.
The blink frog blinks!
You whack the water moccasin!
The water moccasin is almost dead.
You feel sick. Nessos hits you but does no damage. You block Nessos's attack.
The water moccasin bites you but does no damage.
You block the water moccasin's attack.
The water moccasin bites you but does no damage.
Nessos hits you.
* * * LOW HITPOINT WARNING * * *
Nessos kicks you but does no damage.
Unknown command.
You hit the water moccasin.
You kill the water moccasin!
Trog accepts your kill.
You feel sick.
The blink frog blinks!
The water moccasin barely misses you.
Nessos gestures wildly while chanting.
Nessos blinks!
The water moccasin barely misses you. You furiously retaliate!
You headbutt the water moccasin.
A six-headed hydra comes into view.
The blink frog hits you.
* * * LOW HITPOINT WARNING * * *
The water moccasin attacks as you move away!
The water moccasin bites you but does no damage.
A death yak comes into view.
You feel sick.
You block the water moccasin's attack. x2
A skyshark comes into view.
The water moccasin closely misses you. You block the blink frog's attack.
Unknown command.
You closely miss the water moccasin.
Your headbutt misses the water moccasin.
The water moccasin is heavily wounded.
You feel sick. The water moccasin barely misses you.
The blink frog closely misses you.
Nessos mumbles some strange words.
Nessos blinks!
The blink frog barely misses you. The water moccasin barely misses you.
The blink frog hits you!
You die...

# #......P#
#.P.......#... #
###....##
###.P..#..PP.. ######
#..#..........
####..........
########.#..........
#.#..#..#...#.........
#..............†....P.
#..........§F..c.l.....
#...#.##..S@F..........
##. #.#.§.FS...D.......
P....##...#....##F..
.<.... ##..##.Y... ..
..#.c.# #..##....#. F
..#.## ######.PP. #.# P
##


You could see a death yak, a skyshark, Nessos (fast, very poisoned), a
six-headed hydra, 3 blink frogs and 2 water moccasins.

Vanquished Creatures
  A reaper (IceCv)
  A dire elephant (Gauntlet)
  A minotaur (Gauntlet)
  A boulder beetle (Lair:1)
  3 two-headed ogres
  A death yak (Lair:3)
  Amaemon (D:11)
  Sonja (D:10)
  Nergalle (Lair:3)
  A skyshark (Lair:3)
  Pikel (D:7)
  A cyclops (D:11)
  An ugly thing (D:8)
  6 black mambas
  A manticore (D:10)
  3 elephants (Gauntlet)
  Joseph (D:9)
  2 ice statues (IceCv)
  An orange demon (D:11)
  14 cane toads
  5 torpor snails
  A rime drake (Lair:2)
  6 komodo dragons
  4 anaconda simulacra (IceCv)
  6 ice devils (IceCv)
  Prince Ribbit (D:5)
  2 trolls
  8 hornets
  A raiju (Gauntlet)
  16 blink frogs
  3 tyrant leeches (Lair:5)
  2 dire elephant simulacra (IceCv)
  2 shadows
  29 yaks
  A small abomination (D:8)
  2 basilisks
  4 wyverns
  A vampire (D:10)
  A human (D:11)
  2 vampire mosquitoes (D:11)
  A steam dragon (D:7)
  2 harpy simulacra (IceCv)
  A warg (D:11)
  3 acid dragons
  13 water moccasins
  Duvessa (D:7)
  2 hydra simulacra (IceCv)
  A black bear (D:4)
  An ice beast (D:5)
  5 orc warriors
  A sky beast (D:8)
  9 wolves (Lair:1)
  2 ogres (D:5)
  2 centaurs (D:9)
  2 lemures (D:7)
  5 kobold brigands
  5 scorpions
  16 bullfrogs
  A gnoll sergeant (D:7)
  10 wights
  An elephant simulacrum (IceCv)
  Dowan (D:7)
  7 howler monkeys
  2 crimson imps
  4 centaur zombies (Ossuary)
  5 hounds
  A jelly (D:5)
  A human zombie (D:4)
  6 orc priests
  An iguana (D:6)
  3 sleepcaps
  13 orc wizards
  A troll simulacrum (IceCv)
  2 hell rats (Lair:3)
  2 lightning spires (Gauntlet)
  3 spriggan simulacra (D:11)
  6 mummies (Ossuary)
  6 gnolls
  5 adders
  2 naga simulacra
  8 river rats
  2 shadow imps (D:7)
  4 white imps
  5 ufetubi
  4 worms
  2 dart slugs
  34 orcs
  11 ball pythons
  8 endoplasms
  10 giant cockroaches
  9 goblins
  9 hobgoblins
  11 jackals
  30 kobolds
  12 quokkas
  7 bats
  17 frilled lizards
  3 hobgoblin zombies (Ossuary)
  6 rats
  A rat zombie (D:4)
488 creatures vanquished.

Vanquished Creatures (collateral kills)
  The ghost of Thantalas the Geomancer, a novice GrEE of Vehumet (D:8)
  A quasit (D:8)
  A shadow imp (D:8)
3 creatures vanquished.

Vanquished Creatures (others)
  2 human simulacra (D:10)
  20 demonic plants (Gauntlet)
  12 fungi
  27 plants
  4 toadstools (D:5)
65 creatures vanquished.

Grand Total: 556 creatures vanquished

Notes
Turn   | Place    | Note
-------+----------+-------------------------------------------
     0 | D:1      | metricduck the Minotaur Berserker began the quest for the
                  | Orb.
     0 | D:1      | Reached XP level 1. HP: 19/19 MP: 0/0
   192 | D:1      | Reached XP level 2. HP: 27/27 MP: 1/1
   743 | D:1      | Reached XP level 3. HP: 33/33 MP: 2/2
  1098 | D:2      | You fall into a shaft and drop 1 floor!
  1124 | D:2      | Reached ** piety under Trog
  2197 | D:3      | Reached XP level 4. HP: 41/41 MP: 3/3
  2540 | D:3      | Reached skill level 5 in Maces & Flails
  2731 | D:3      | Found an ancient bone altar of Kikubaaqudgha.
  2879 | D:4      | Reached XP level 5. HP: 44/47 MP: 4/4
  2884 | D:4      | Found a staircase to the Ecumenical Temple.
  3026 | D:4      | Reached *** piety under Trog
  3157 | D:4      | Found a sand-covered staircase.
  3175 | Ossuary  | Entered an ossuary
  3233 | Ossuary  | Reached XP level 6. HP: 51/55 MP: 5/5
  3239 | Ossuary  | Reached skill level 1 in Stealth
  3244 | Ossuary  | Reached skill level 5 in Fighting
  3662 | D:4      | Found a sparkling altar of Nemelex Xobeh.
  3892 | D:4      | Reached XP level 7. HP: 46/61 MP: 6/6
  4213 | D:5      | Entered Level 5 of the Dungeon
  4277 | D:5      | Reached skill level 5 in Armour
  4304 | D:5      | Found a glowing drain.
  4327 | Sewer    | Entered a sewer
  4574 | Sewer    | Reached skill level 5 in Dodging
  4921 | D:5      | Reached **** piety under Trog
  4944 | D:5      | Noticed Prince Ribbit
  4950 | D:5      | Killed Prince Ribbit
  4951 | D:5      | Reached XP level 8. HP: 53/68 MP: 7/7
  4970 | D:5      | Reached skill level 10 in Maces & Flails
  5295 | D:5      | Found a white marble altar of Elyvilon.
  5302 | D:5      | Found a shimmering blue altar of Sif Muna.
  5947 | D:6      | Found an opulent altar of Gozag.
  5948 | D:6      | Found a broken altar of Ashenzari.
  5949 | D:6      | Found a shimmering altar of Xom.
  6167 | D:6      | Found Nattud's Antique Weapon Shoppe.
  6171 | D:6      | Found Tutof's Antique Armour Emporium.
  6175 | D:6      | Found Bioqat's Book Emporium.
  6175 | D:6      | Found Gares's Antique Weapon Shoppe.
  6181 | D:6      | Found Daderiq's Book Shoppe.
  6181 | D:6      | Found Utits's Assorted Antiques.
  6536 | D:7      | Reached XP level 9. HP: 72/74 MP: 8/8
  6566 | D:7      | Found Efaif's Book Shop.
  6613 | D:7      | Reached skill level 1 in Evocations
  6690 | D:7      | Noticed Pikel
  6703 | D:7      | Killed Pikel
  6777 | D:7      | Noticed Duvessa
  6777 | D:7      | Noticed Dowan
  6789 | D:7      | Killed Duvessa
  6794 | D:7      | Killed Dowan
  7670 | D:8      | Paralysed by a hornet for 3 turns
  7680 | D:8      | Reached XP level 10. HP: 42/86 MP: 9/9
  7921 | D:8      | Reached ***** piety under Trog
  8231 | D:8      | Found Baudasaa's Book Shoppe.
  8271 | D:8      | Found a transporter.
  8277 | D:8      | Found a transporter.
  8278 | D:8      | Noticed Thantalas's ghost (novice GrEE)
  8283 | D:8      | Noticed a brown ugly thing
  8290 | D:8      | Found a one-way gate to the infinite horrors of the Abyss.
  8494 | D:8      | Killed a brown ugly thing
  8522 | D:8      | Killed Thantalas's ghost
  8779 | D:9      | Noticed a two-headed ogre
  8789 | D:9      | Killed a two-headed ogre
  8790 | D:9      | Reached skill level 5 in Evocations
  8867 | D:9      | Noticed a two-headed ogre
  8899 | D:9      | Killed a two-headed ogre
  8906 | D:9      | Reached XP level 11. HP: 97/97 MP: 10/10
  9159 | D:9      | Found a stormy altar of Qazlal.
  9305 | D:9      | Found a staircase to the Lair.
  9503 | D:9      | Noticed Joseph
  9524 | D:9      | Killed Joseph
  9557 | D:9      | Found Ditiq's Magic Scroll Shop.
  9655 | D:10     | Entered Level 10 of the Dungeon
  9689 | D:10     | Found a burning altar of Makhleb.
  9885 | D:10     | Noticed Sonja
  9899 | D:10     | Killed Sonja
 10609 | D:10     | Found a portal to a secret trove of treasure.
 11079 | D:11     | Noticed Amaemon
 11079 | D:11     | Noticed a two-headed ogre
 11103 | D:11     | Found a frozen archway.
 11118 | D:11     | Killed a two-headed ogre
 11119 | D:11     | Reached skill level 10 in Fighting
 11126 | D:11     | Killed Amaemon
 11127 | D:11     | Reached skill level 10 in Armour
 11176 | IceCv    | Entered an ice cave
 11854 | IceCv    | Reached skill level 10 in Dodging
 11878 | IceCv    | Noticed a reaper
 11887 | IceCv    | Killed a reaper
 11895 | IceCv    | Identified the ring of the Vendetta {rC+ SInv Stlth+}
 11987 | IceCv    | Reached XP level 12. HP: 96/108 MP: 11/11
 12379 | D:11     | Received a gift from Trog
 12672 | D:11     | Found a staircase to the Orcish Mines.
 13120 | D:5      | Identified a scroll of acquirement
 13120 | D:5      | Acquired the +0 buckler of Zin's Righteous Fury {Dex+3}
 13345 | Lair:1   | Entered Level 1 of the Lair of Beasts
 13358 | Lair:1   | Reached skill level 1 in Shields
 13410 | Lair:1   | Found a gate leading to a gauntlet.
 13418 | Gauntlet | Entered a Gauntlet
 13418 | Gauntlet | Noticed a dire elephant
 13418 | Gauntlet | Found a transporter.
 13418 | Gauntlet | Found a transporter.
 13418 | Gauntlet | Found a transporter.
 13453 | Gauntlet | Found a transporter.
 13453 | Gauntlet | Found a transporter.
 13463 | Gauntlet | Found a transporter.
 13529 | Gauntlet | Found a transporter.
 13539 | Gauntlet | Found a transporter.
 13548 | Gauntlet | Found the +2 shield of Resistance {rF++ rC++ Will++}
 13554 | Gauntlet | Found a transporter.
 13564 | Gauntlet | Found a transporter.
 13579 | Gauntlet | Found a transporter.
 13585 | Gauntlet | Found a transporter.
 13828 | Gauntlet | Killed a dire elephant
 13917 | Gauntlet | Identified the +3 glaive "Jabel" {pain, rC+ Stlth+}
 13917 | Gauntlet | Identified the +4 plate armour "Foste Ped" {Harm rC- rCorr
                  | Str+6}
 13917 | Gauntlet | Noticed a minotaur
 13930 | Gauntlet | Killed a minotaur
 14098 | Lair:1   | Noticed a boulder beetle
 14114 | Lair:1   | Killed a boulder beetle
 14345 | Lair:1   | Reached XP level 13. HP: 118/118 MP: 12/12
 14352 | Lair:1   | Reached skill level 5 in Shields
 15097 | Lair:2   | Found a staircase to the Shoals.
 15671 | Lair:3   | Found a staircase to the Snake Pit.
 15754 | Lair:3   | Noticed Nergalle
 15764 | Lair:3   | Killed Nergalle
 15765 | Lair:3   | Reached skill level 10 in Evocations
 16179 | Lair:3   | Identified the +12 morningstar of Inong {flame, rF+} (Trog
                  | gifted it to you on level 3 of the Lair of Beasts)
 16179 | Lair:3   | Received a gift from Trog
 17488 | Lair:4   | Found a viscous altar of Jiyva.
 17488 | Lair:4   | Found a staircase to the Slime Pits.
 17562 | Lair:5   | Entered Level 5 of the Lair of Beasts
 17601 | Lair:5   | Paralysed by a hornet for 3 turns
 17616 | Lair:5   | Paralysed by a hornet for 1 turns
 17717 | Lair:5   | Reached skill level 10 in Shields
 17744 | Lair:5   | Found a runed translucent door.
 17752 | Lair:5   | Noticed a fire dragon
 17775 | Lair:5   | Noticed Nessos
 17797 | Lair:5   | HP: 3/118 [blink frog (4)]
 17799 | Lair:5   | Mangled by a blink frog

Illustrated notes

Levels and vault maps discovered:
D:1:      minmay_arrival_checkered_box, layout_basic, hangedman_feature_mirror
D:2:      layout_basic
D:3:      layout_basic, nicolae_overflow_hidden_temple
D:4:      wad_woods_stonehenge, layout_basic, temple_pool_b, enter_ossuary_3
D:5:      layout_loops_ring, minitemple, portal_sewer_entry_b,
          minmay_gold_behind_fungi, minmay_fractal_squares_5,
          uniq_prince_ribbit1
D:6:      layout_basic, gammafunk_temple_overflow_forgotten,
          serial_bayou_pond_d, nicolae_sextant, st_stairs_13,
          nicolae_shop_national_dungeon_mall, dk_rats_in_the_wall
D:7:      layout_loops_ring, serial_shops, shop, minmay_fire_ice_demons,
          uniq_duvessa, uniq_pikel
D:8:      layout_loops_ring, serial_shops, nicolae_shop_tiny_waterfront,
          gammafunk_ghost_abyssal_escape
D:9:      layout_basic, lemuel_round_altar, lair_entry_dummy, serial_shops,
          shop, uniq_joseph
D:10:     layout_loops_cross, mainiacjoe_overflow_small_starburst,
          enter_trove_6, bh_circular_ruins, uniq_sonja
D:11:     layout_stronghold, erik_orc_4, portal_ice_cave_entry_ice_simulacra,
          uniq_amaemon
Lair:1:   layout_small_grid, gauntlet_entry_generic, minivault_26,
          chequers_serial_rivers_small_b
Lair:2:   layout_long_grid, shoals_dummy_entry
Lair:3:   layout_layer_cave, minmay_snake_entry_six_corridors,
          kennysheep_rathole, uniq_nergalle
Lair:4:   layout_regular_city, dpeg_slime_entry_enclosed
Lair:5:   wormcave, layout_loops_ring, guppyfry_lair_end_dragon,
          ebering_ghost_reflecting_pool, uniq_nessos

Skill      XL: |  1  2  3  4  5  6  7  8  9 10 11 12 13 |
---------------+----------------------------------------+-----
Fighting       | 4 5 7 9 10 12 | 12.0
Maces & Flails | 4 5 6 9 12 | 12.0
Armour         | 3 4 5 7 9 10 12 | 12.0
Dodging        | 3 4 5 6 8 10 11 12 | 12.0
Stealth        | 1 |  1.4
Evocations     | 3 5 7 8 11 | 11.0
Shields        | 4 10 | 10.1

Action                     |  1- 3 |  4- 6 |  7- 9 | 10-12 | 13-15 || total
---------------------------+-------+-------+-------+-------+-------++-------
  Melee: Mace              |   102 |   135 |   267 |       |       ||   504
         Headbutt          |    13 |    33 |    68 |   175 |    79 ||   368
         Punch             |     1 |       |     6 |    10 |       ||    17
         Whip              |       |       |    71 |   322 |       ||   393
         Demon whip        |       |       |       |   404 |   357 ||   761
 Invoke: Trog's Hand       |       |     2 |     4 |     8 |     1 ||    15
         Berserk           |       |     2 |     4 |    12 |     2 ||    20
         Brothers in Arms  |       |       |       |     1 |       ||     1
    Use: Scroll            |       |     5 |     1 |    19 |     3 ||    28
   Stab: Sleeping          |     1 |       |       |       |       ||     1
 Armour: Animal skin       |    25 |       |       |       |       ||    25
         Ring mail         |    11 |   106 |   147 |    17 |       ||   281
         Leather armour    |     4 |       |       |       |       ||     4
         Plate armour      |       |       |       |   244 |   117 ||   361
  Dodge: Dodged            |    83 |   129 |   196 |   240 |   119 ||   767
  Block: Buckler           |       |       |       |    22 |    60 ||    82
